Workbook
Name _Hlk113442285: Instrucciones!#REF!
Name _Hlk113442285: 'Modelo de oferta económica'!#REF!
Name _Hlk119490985: Instrucciones!#REF!
Name _Hlk119490985: 'Modelo de oferta económica'!#REF!
Name _Hlk119568242: Instrucciones!#REF!
Name _Hlk119568242: 'Modelo de oferta económica'!#REF!
Name _Hlk119914996: Instrucciones!#REF!
Name _Hlk119914996: 'Modelo de oferta económica'!#REF!
Name _Toc125653035: Instrucciones!#REF!
Name _Toc125653035: 'Modelo de oferta económica'!#REF!
Name _Toc125653036: Instrucciones!#REF!
Name _Toc125653036: 'Modelo de oferta económica'!#REF!
Name _Toc125653037: Instrucciones!#REF!
Name _Toc125653037: 'Modelo de oferta económica'!#REF!
Name _Toc125653038: Instrucciones!#REF!
Name _Toc125653038: 'Modelo de oferta económica'!#REF!
Name _Toc125653039: Instrucciones!#REF!
Name _Toc125653039: 'Modelo de oferta económica'!#REF!
Name _Toc125653040: Instrucciones!#REF!
Name _Toc125653040: 'Modelo de oferta económica'!#REF!
Name _Toc125653041: Instrucciones!#REF!
Name _Toc125653041: 'Modelo de oferta económica'!#REF!
Name _Toc125653042: Instrucciones!#REF!
Name _Toc125653042: 'Modelo de oferta económica'!#REF!
Name _Toc125653043: Instrucciones!#REF!
Name _Toc125653043: 'Modelo de oferta económica'!#REF!
Name _Toc125653044: Instrucciones!#REF!
Name _Toc125653044: 'Modelo de oferta económica'!#REF!
Name _Toc125653045: Instrucciones!#REF!
Name _Toc125653045: 'Modelo de oferta económica'!#REF!
Name _Toc125653046: Instrucciones!#REF!
Name _Toc125653046: 'Modelo de oferta económica'!#REF!
Name _Toc125653047: Instrucciones!#REF!
Name _Toc125653047: 'Modelo de oferta económica'!#REF!
Name _Toc125653048: Instrucciones!#REF!
Name _Toc125653048: 'Modelo de oferta económica'!#REF!
Name _Toc125653049: Instrucciones!#REF!
Name _Toc125653049: 'Modelo de oferta económica'!#REF!
Name _Toc125653050: Instrucciones!#REF!
Name _Toc125653050: 'Modelo de oferta económica'!#REF!
Name _Toc125653051: Instrucciones!#REF!
Name _Toc125653051: 'Modelo de oferta económica'!$B$17

Sheet Instrucciones
B6: Instrucciones para cumplimentar el archivo Excel de presentación de oferta económica
B8: -El archivo se compone de esta pestaña de instrucciones, y de la pestaña "Modelo de oferta económica" que contiene el resumen del importe total ofertado, el resumen por capítulo y el detalle de cada capítulo con los precios unitarios y las partidas alzadas.
B9: -El licitador rellenará en la pestaña "Modelo de oferta Económica" sus datos en los espacios punteados y la tabla correspondiente a la subcontratación prevista, en su caso, de tareas no críticas.
B10: -El licitador rellenará las celdas en naranja de la pestaña "Modelo de oferta Económica", que se corresponden con el importe ofertado de cada precio unitario y partida alzada de cada una de las partidas. El archivo calcula automaticamente el importe total.
B11: -La hoja deberá incluir en cada celda naranja un único importe y el archivo automaticamente redondeará a dos decimales.
B12: -El importe de cada precio unitario y partida alzada debe incluir la parte correspondiente de gastos generales y el beneficio industrial. Los importes NO deben incluir el IVA.
B13: -Se deberán cumplimentar todos los precios unitarios y las partidas alzadas de todos los capítulos. NO SON ADMISIBLES las ofertas que NO estén completas.
B14: -En cada capítulo el archivo trae de origen las mediciones de cada partida y calculará de forma automática los importes totales por partida, al introducir el licitador los importes de cada precio unitario y partida alzada.
B15: -El archivo calcula de forma automática el precio ofertado por el licitador, en base los importes introducidos, sumando a su vez las partidas de cada capítulo.
B16: -A modo de alerta, en la columna "E" de la pestaña "Modelo de oferta económica" aparecerá una leyenda en color rojo en las filas en las que exista algún error de cumplimentación, en los casos siguinetes:
B17: •Dentro de cada capítulo, cuando el archivo detecta la ausencia de algún importe de precio unitario o partida alzada, en la columna "E" se visualizará la leyenda "Es necesario completar el precio de esta partida, introduciendo un importe en la celda en naranja"
B18: •En el resumen general, cuando el archivo detecta la ausencia de algún importe de precio unitario o partida alzada, se podrá visualizar en la columna "E" la leyenda "En este capítulo hay alguna partida con precio unitario o partida alzada sin rellenar"
... B21: Una vez completado el archivo el licitador deberá convertir a formato PDF todas las hojas de la pestaña "Modelo de oferta económica", firmar electrónicamente el documento e incorporarlo al Archivo electrónico C de su proposición, junto con el archivo en formato Excel y el resto de documentos incluidos en el anexo al PCA. En caso de no coincidencia entre lo indicado en el archivo Excel y el archivo PDF, primará el documento PDF firmado electronicamente.

Sheet Modelo de oferta económica
B2: ANEXO 5
B4: MODELO DE OFERTA ECONÓMICA
B6: D/Dª……………………… con domicilio en.…………………., enterado de la convocatoria de procedimiento de licitación para la contratación del proyecto de obras de mantenimiento del Edificio de Protección de Intemperie de la instalación nuclear Vandellòs I, expediente nº CO-TA-26-009, y de las condiciones que regirán en el mismo y conforme con su contenido, se compromete en nombre …….. (propio o de la empresa)………, con N.I.F…….., según poder……. (se hará constar apoderamiento) a la ejecución del contrato con sujeción a las condiciones y requisitos exigidos y con las condiciones técnicas indicadas en la oferta presentada, por el importe siguiente:
B15: PROYECTO DE OBRAS OBRAS DE MANTENIMIENTO DEL EDIFICIO DE PROTECCIÓN DE INTEMPERIE DE LA INSTALACIÓN NUCLEAR VANDELLÒS I | F15: Precio Máximo de Licitación IVA EXCLUIDO
B17: TOTAL PROYECTO | E17: Importe (€)
B18: =+_xlfn.CONCAT(B57," - ",D57) -> CAPÍTULO 1 - MANTENIMIENTO PINTURA ZONA 2 | E18: =IF(I18="En este capítulo hay alguna partida con precio unitario o partida alzada sin rellenar","Sin importe por errores",+'Modelo de oferta económica'!H57) -> Sin importe por errores | I18: =IF('Modelo de oferta económica'!I57=0,"","En este capítulo hay alguna partida con precio unitario o partida alzada sin rellenar") -> En este capítulo hay alguna partida con precio unitario o partida alzada sin rellenar
B19: =+_xlfn.CONCAT(B71," - ",D71) -> CAPÍTULO 2 - MANTENIMIENTO PINTURA ZONA 4 | E19: =IF(I19="En este capítulo hay alguna partida con precio unitario o partida alzada sin rellenar","Sin importe por errores",+'Modelo de oferta económica'!H71) -> Sin importe por errores | I19: =IF('Modelo de oferta económica'!I71=0,"","En este capítulo hay alguna partida con precio unitario o partida alzada sin rellenar") -> En este capítulo hay alguna partida con precio unitario o partida alzada sin rellenar
B20: =+_xlfn.CONCAT(B85," - ",D85) -> CAPÍTULO 3 - MANTENIMIENTO PINTURA ZONA 5 | E20: =IF(I20="En este capítulo hay alguna partida con precio unitario o partida alzada sin rellenar","Sin importe por errores",+'Modelo de oferta económica'!H85) -> Sin importe por errores | I20: =IF('Modelo de oferta económica'!I85=0,"","En este capítulo hay alguna partida con precio unitario o partida alzada sin rellenar") -> En este capítulo hay alguna partida con precio unitario o partida alzada sin rellenar
B21: =+_xlfn.CONCAT(B103," - ",D103) -> CAPÍTULO 4 - MANTENIMIENTO PINTURA ZONA 6 | E21: =IF(I21="En este capítulo hay alguna partida con precio unitario o partida alzada sin rellenar","Sin importe por errores",+'Modelo de oferta económica'!H103) -> Sin importe por errores | I21: =IF('Modelo de oferta económica'!I103=0,"","En este capítulo hay alguna partida con precio unitario o partida alzada sin rellenar") -> En este capítulo hay alguna partida con precio unitario o partida alzada sin rellenar
B22: =+_xlfn.CONCAT(B121," - ",D121) -> CAPÍTULO 5 - MEDIOS AUXILIARES Y ALQUILERES | E22: =IF(I22="En este capítulo hay alguna partida con precio unitario o partida alzada sin rellenar","Sin importe por errores",+'Modelo de oferta económica'!H121) -> Sin importe por errores | I22: =IF('Modelo de oferta económica'!I121=0,"","En este capítulo hay alguna partida con precio unitario o partida alzada sin rellenar") -> En este capítulo hay alguna partida con precio unitario o partida alzada sin rellenar
B23: =+_xlfn.CONCAT(B159," - ",D159) -> CAPÍTULO 6 - SUSTITUCIÓN DE LAS PLACAS TRANSLÚCIDAS | E23: =IF(I23="En este capítulo hay alguna partida con precio unitario o partida alzada sin rellenar","Sin importe por errores",+'Modelo de oferta económica'!H159) -> Sin importe por errores | I23: =IF('Modelo de oferta económica'!I160=0,"","En este capítulo hay alguna partida con precio unitario o partida alzada sin rellenar") -> En este capítulo hay alguna partida con precio unitario o partida alzada sin rellenar
B24: =+_xlfn.CONCAT(B169," - ",D169) -> CAPÍTULO 7 - ALUMBRADO | E24: =IF(I24="En este capítulo hay alguna partida con precio unitario o partida alzada sin rellenar","Sin importe por errores",+'Modelo de oferta económica'!H169) -> Sin importe por errores | I24: =IF('Modelo de oferta económica'!I169=0,"","En este capítulo hay alguna partida con precio unitario o partida alzada sin rellenar") -> En este capítulo hay alguna partida con precio unitario o partida alzada sin rellenar
B25: =+_xlfn.CONCAT(B231," - ",D231) -> CAPÍTULO 8 - SEGURIDAD Y SALUD | E25: =IF(I25="En este capítulo hay alguna partida con precio unitario o partida alzada sin rellenar","Sin importe por errores",+'Modelo de oferta económica'!H231) -> Sin importe por errores | I25: =IF('Modelo de oferta económica'!I231=0,"","En este capítulo hay alguna partida con precio unitario o partida alzada sin rellenar") -> En este capítulo hay alguna partida con precio unitario o partida alzada sin rellenar
B26: =+_xlfn.CONCAT(B237," - ",D237) -> CAPÍTULO 9 - GESTIÓN DE RESIDUOS | E26: =IF(I26="En este capítulo hay alguna partida con precio unitario o partida alzada sin rellenar","Sin importe por errores",+'Modelo de oferta económica'!H237) -> Sin importe por errores | I26: =IF('Modelo de oferta económica'!I237=0,"","En este capítulo hay alguna partida con precio unitario o partida alzada sin rellenar") -> En este capítulo hay alguna partida con precio unitario o partida alzada sin rellenar
B27: =+_xlfn.CONCAT(B243," - ",D243) -> CAPÍTULO 10 - CALIDAD | E27: =IF(I27="En este capítulo hay alguna partida con precio unitario o partida alzada sin rellenar","Sin importe por errores",+'Modelo de oferta económica'!H243) -> Sin importe por errores | I27: =IF('Modelo de oferta económica'!I243=0,"","En este capítulo hay alguna partida con precio unitario o partida alzada sin rellenar") -> En este capítulo hay alguna partida con precio unitario o partida alzada sin rellenar
B28: TOTAL, PRECIO OFERTADO (IVA Excluido) | E28: =SUM(E18:E27) -> 0 | F28: 541934.91 | I28: =IF(E28>F28,"El precio ofertado supera el Precio Máximo de Licitación, oferta NO ADMISIBLE","")
B30: ¿Tiene previsto subcontratar? | F30: SÍ* | G30: NO
B32: *En caso afirmativo, indicar el importe y alcance de la/s partida/s subcontratada/s, así como la denominación social o perfil empresarial de la/s empresa/s subcontratista/s:
B33: Actuación/Actividad a subcontratar | E33: Importe a subcontratar | F33: Empresa subcontratista
B48: Y para que conste, firmo la presente declaración en …................….......... a…..de…………...... 2026.
B57: CAPÍTULO 1 | D57: MANTENIMIENTO PINTURA ZONA 2 | H57: =SUM(H60,H64,H68) -> 0 | I57: =COUNTIF(I60:I69,"Es necesario completar el precio de esta partida, introduciendo un valor en la celda en naranja") -> 3
B59: Partida | F59: Precio | G59: Medición | H59: Importe | J59: =ROUND('Modelo de oferta económica'!F60,2) -> 0
B60: 1.1 | C60: m² | D60: Limpieza manual superficie perfiles. | G60: 665.39 | H60: =ROUND('Modelo de oferta económica'!J59*G60,2) -> 0 | I60: =IF(ISBLANK('Modelo de oferta económica'!F60),"Es necesario completar el precio de esta partida, introduciendo un valor en la celda en naranja","") -> Es necesario completar el precio de esta partida, introduciendo un valor en la celda en naranja
B61: Limpieza manual de superficie de perfil laminado de acero al carbono con presencia de suciedad, grasas o polvo mediante la aplicación de detergente alcalino, con un rendimiento de 0,2 l/m² y aclarado posterior de la superficie con abundante agua limpia hasta eliminar los residuos del producto aplicado. Incluye: Protección de los elementos del entorno que puedan verse afectados durante los trabajos. Ejecución de las operaciones de limpieza. Recogida y eliminación del agua de limpieza. Retirada y acopio de los restos generados. Carga de los restos generados sobre camión o contenedor. Se medirá la superficie realmente ejecutada.
B63: Partida | F63: Precio Unitario | G63: Medición | H63: Importe | J63: =ROUND('Modelo de oferta económica'!F64,2) -> 0
B64: 1.2 | C64: m² | D64: Preparación de superficie de acero estructural mediante medios manuales o mecánicos. | G64: 42.92 | H64: =ROUND('Modelo de oferta económica'!J63*G64,2) -> 0 | I64: =IF(ISBLANK('Modelo de oferta económica'!F64),"Es necesario completar el precio de esta partida, introduciendo un valor en la celda en naranja","") -> Es necesario completar el precio de esta partida, introduciendo un valor en la celda en naranja
B65: Preparación de superficie de acero estructural, para la posterior aplicación de sistema de pinturas, mediante medios manuales o mecánicos, hasta conseguir un acabado P St2 según UNE EN ISO 8501-2, y carga manual de los restos generados sobre camión o contenedor. Incluye: Marcado de la zona a sanear. Cepillado manual con cepillo de púas de acero. Limpieza de la superficie soporte. Retirada y acopio de los restos generados. Carga manual de los restos generados sobre camión o contenedor. Se medirá la superficie realmente ejecutada.
B67: Partida | F67: Precio Unitario | G67: Medición | H67: Importe | J67: =ROUND('Modelo de oferta económica'!F68,2) -> 0
B68: 1.3 | C68: m² | D68: Esmalte sobre estructura de acero. C3.06. | G68: 665.39 | H68: =ROUND('Modelo de oferta económica'!J67*G68,2) -> 0 | I68: =IF(ISBLANK('Modelo de oferta económica'!F68),"Es necesario completar el precio de esta partida, introduciendo un valor en la celda en naranja","") -> Es necesario completar el precio de esta partida, introduciendo un valor en la celda en naranja
B69: Aplicación manual/pistola de una capa de imprimación a base de resina epoxi y una capa de esmalte de poliuretano sobre estructura metálica de perfiles laminados de acero. Aplicación de una capa de imprimación, con un espesor nominal de película seco 120 μm (rendimiento: 0,25 l/m²). Aplicación de una mano de esmalte de poliuretano, color verde RAL 6002 para las bajantes y azul RAL 5019 para el resto de las estructuras, (rendimiento: 0,13 l/m² cada mano), con un espesor nominal de película seco de 60 μm; formada por piezas simples de perfiles laminados de acero. Incluye medios auxiliares y costes indirecto. Se ejecutará la unidad de obra de acuerdo con las recomendaciones del fabricante, entregando la ficha técnica a la dirección de obra. Se medirá la superficie realmente ejecutada según especificaciones de Proyecto.
B71: CAPÍTULO 2 | D71: MANTENIMIENTO PINTURA ZONA 4 | H71: =+H74+H78+H82 -> 0 | I71: =COUNTIF(I74:I80,"Es necesario completar el precio de esta partida, introduciendo un valor en la celda en naranja") -> 2
B73: Partida | F73: Precio Unitario | G73: Medición | H73: Importe | J73: =ROUND(F74,2) -> 0
B74: 2.1 | C74: m² | D74: Limpieza manual superficie perfiles. | G74: 88.64 | H74: =ROUND(J73*G74,2) -> 0 | I74: =IF(ISBLANK('Modelo de oferta económica'!F74),"Es necesario completar el precio de esta partida, introduciendo un valor en la celda en naranja","") -> Es necesario completar el precio de esta partida, introduciendo un valor en la celda en naranja
B75: Limpieza manual de superficie de perfil laminado de acero al carbono con presencia de suciedad, grasas o polvo mediante la aplicación de detergente alcalino, con un rendimiento de 0,2 l/m² y aclarado posterior de la superficie con abundante agua limpia hasta eliminar los residuos del producto aplicado. Incluye: Protección de los elementos del entorno que puedan verse afectados durante los trabajos. Ejecución de las operaciones de limpieza. Recogida y eliminación del agua de limpieza. Retirada y acopio de los restos generados. Carga de los restos generados sobre camión o contenedor. Se medirá la superficie realmente ejecutada.
B77: Partida | F77: Precio Unitario | G77: Medición | H77: Importe | J77: =ROUND(F78,2) -> 0
B78: 2.2 | C78: m² | D78: Preparación de superficie de acero estructural mediante medios manuales o mecánicos. | G78: 35.46 | H78: =ROUND(J77*G78,2) -> 0 | I78: =IF(ISBLANK('Modelo de oferta económica'!F78),"Es necesario completar el precio de esta partida, introduciendo un valor en la celda en naranja","") -> Es necesario completar el precio de esta partida, introduciendo un valor en la celda en naranja
B79: Preparación de superficie de acero estructural, para la posterior aplicación de sistema de pinturas, mediante medios manuales o mecánicos, hasta conseguir un acabado P St2 según UNE EN ISO 8501-2, y carga manual de los restos generados sobre camión o contenedor. Incluye: Marcado de la zona a sanear. Cepillado manual con cepillo de púas de acero. Limpieza de la superficie soporte. Retirada y acopio de los restos generados. Carga manual de los restos generados sobre camión o contenedor. Se medirá la superficie realmente ejecutada.
B81: Partida | F81: Precio Unitario | G81: Medición | H81: Importe | J81: =ROUND(F82,2) -> 0
B82: 2.3 | C82: m² | D82: Esmalte sobre estructura de acero. C3.06. | G82: 88.64 | H82: =ROUND(J81*G82,2) -> 0 | I82: =IF(ISBLANK('Modelo de oferta económica'!F82),"Es necesario completar el precio de esta partida, introduciendo un valor en la celda en naranja","") -> Es necesario completar el precio de esta partida, introduciendo un valor en la celda en naranja
B83: Aplicación manual/pistola de una capa de imprimación a base de resina epoxi y una capa de esmalte de poliuretano sobre estructura metálica de perfiles laminados de acero. Aplicación de una capa de imprimación, con un espesor nominal de película seco 120 μm (rendimiento: 0,25 l/m²). Aplicación de una mano de esmalte de poliuretano, color verde RAL 6002 para las bajantes y azul RAL 5019 para el resto de las estructuras, (rendimiento: 0,13 l/m² cada mano), con un espesor nominal de película seco de 60 μm; formada por piezas simples de perfiles laminados de acero. Incluye medios auxiliares y costes indirecto. Se ejecutará la unidad de obra de acuerdo con las recomendaciones del fabricante, entregando la ficha técnica a la dirección de obra. Se medirá la superficie realmente ejecutada según especificaciones de Proyecto.
B85: CAPÍTULO 3 | D85: MANTENIMIENTO PINTURA ZONA 5 | H85: =+H88+H92+H96+H100 -> 0 | I85: =COUNTIF(I88:I102,"Es necesario completar el precio de esta partida, introduciendo un valor en la celda en naranja") -> 4
B87: Partida | F87: Precio Unitario | G87: Medición | H87: Importe | J87: =ROUND(F88,2) -> 0
B88: 3.1 | C88: m² | D88: Limpieza manual superficie perfiles. | G88: 9004.74 | H88: =ROUND(J87*G88,2) -> 0 | I88: =IF(ISBLANK('Modelo de oferta económica'!F88),"Es necesario completar el precio de esta partida, introduciendo un valor en la celda en naranja","") -> Es necesario completar el precio de esta partida, introduciendo un valor en la celda en naranja
B89: Limpieza manual de superficie de perfil laminado de acero al carbono con presencia de suciedad, grasas o polvo mediante la aplicación de detergente alcalino, con un rendimiento de 0,2 l/m² y aclarado posterior de la superficie con abundante agua limpia hasta eliminar los residuos del producto aplicado. Incluye: Protección de los elementos del entorno que puedan verse afectados durante los trabajos. Ejecución de las operaciones de limpieza. Recogida y eliminación del agua de limpieza. Retirada y acopio de los restos generados. Carga de los restos generados sobre camión o contenedor. Se medirá la superficie realmente ejecutada.
B91: Partida | F91: Precio Unitario | G91: Medición | H91: Importe | J91: =ROUND(F92,2) -> 0
B92: 3.2 | C92: m² | D92: Preparación de superficie de acero estructural mediante medios manuales o mecánicos. | G92: 19.81 | H92: =ROUND(J91*G92,2) -> 0 | I92: =IF(ISBLANK('Modelo de oferta económica'!F92),"Es necesario completar el precio de esta partida, introduciendo un valor en la celda en naranja","") -> Es necesario completar el precio de esta partida, introduciendo un valor en la celda en naranja
B93: Preparación de superficie de acero estructural, para la posterior aplicación de sistema de pinturas, mediante medios manuales o mecánicos, hasta conseguir un acabado P St2 según UNE EN ISO 8501-2, y carga manual de los restos generados sobre camión o contenedor. Incluye: Marcado de la zona a sanear. Cepillado manual con cepillo de púas de acero. Limpieza de la superficie soporte. Retirada y acopio de los restos generados. Carga manual de los restos generados sobre camión o contenedor. Se medirá la superficie realmente ejecutada.
B95: Partida | F95: Precio Unitario | G95: Medición | H95: Importe | J95: =ROUND(F96,2) -> 0
B96: 3.3 | C96: m² | D96: Preparación de superficie de acero estructural mediante proyección en seco de material abrasivo. | G96: 178.29 | H96: =ROUND(J95*G96,2) -> 0 | I96: =IF(ISBLANK('Modelo de oferta económica'!F96),"Es necesario completar el precio de esta partida, introduciendo un valor en la celda en naranja","") -> Es necesario completar el precio de esta partida, introduciendo un valor en la celda en naranja
B97: Limpieza superficial de perfiles metálicos, quitando los restos deteriorados de pintura y otros revestimientos, mediante la proyección en seco de material abrasivo formado por partículas de silicato de aluminio, hasta alcanzar un grado de preparación Sa 2 ½ según UNE-EN ISO 8501-1, eliminando la capa de laminación, casi todo el óxido visible y las partículas extrañas del soporte, hasta quedar un 95% de la superficie limpia y de color blanco con algunas manchas y limpieza posterior con aspirador de polvo, aire comprimido limpio y seco o cepillo limpio, para proceder posteriormente a la aplicación de una protección antioxidante. El precio no incluye la protección antioxidante. Incluye: Montaje y preparación del equipo. Aplicación mecánica del chorro de abrasivo. Desmontaje del equipo. Limpieza de la superficie soporte. Retirada y acopio del material proyectado y los restos generados. Carga del material proyectado y los restos generados sobre camión o contenedor. Se medirá la superficie realmente ejecutada.
B99: Partida | F99: Precio Unitario | G99: Medición | H99: Importe | J99: =ROUND(F100,2) -> 0
B100: 3.4 | C100: m² | D100: Esmalte sobre estructura de acero. C2.05. | G100: 1981.04 | H100: =ROUND(J99*G100,2) -> 0 | I100: =IF(ISBLANK('Modelo de oferta económica'!F100),"Es necesario completar el precio de esta partida, introduciendo un valor en la celda en naranja","") -> Es necesario completar el precio de esta partida, introduciendo un valor en la celda en naranja
B101: Aplicación manual/pistola de una capa de imprimación a base de resina epoxi y una capa de esmalte de poliuretano sobre estructura metálica de perfiles laminados de acero. Aplicación de una capa de imprimación, con un espesor nominal de película seco 70 μm (rendimiento: 0,15 l/m²). Aplicación de una capa de esmalte de poliuretano, color verde RAL 6002 para las bajantes y azul RAL 5019 para el resto de las estructuras, (rendimiento: 0,13 l/m² cada mano), con un espesor nominal de película seco de 50 μm; formada por piezas simples de perfiles laminados de acero. Incluye medios auxiliares y costes indirecto. Se ejecutará la unidad de obra de acuerdo con las recomendaciones del fabricante, entregando la ficha técnica a la dirección de obra. Se medirá la superficie realmente ejecutada según especificaciones de Proyecto.
B103: CAPÍTULO 4 | D103: MANTENIMIENTO PINTURA ZONA 6 | H103: =+H106+H110+H114+H118 -> 0 | I103: =COUNTIF(I106:I108,"Es necesario completar el precio de esta partida, introduciendo un valor en la celda en naranja") -> 1
B105: Partida | F105: Precio Unitario | G105: Medición | H105: Importe | J105: =ROUND(F106,2) -> 0
B106: 4.1 | C106: m² | D106: Limpieza manual superficie perfiles. | G106: 2776 | H106: =ROUND(J105*G106,2) -> 0 | I106: =IF(ISBLANK('Modelo de oferta económica'!F106),"Es necesario completar el precio de esta partida, introduciendo un valor en la celda en naranja","") -> Es necesario completar el precio de esta partida, introduciendo un valor en la celda en naranja
B107: Limpieza manual de superficie de perfil laminado de acero al carbono con presencia de suciedad, grasas o polvo mediante la aplicación de detergente alcalino, con un rendimiento de 0,2 l/m² y aclarado posterior de la superficie con abundante agua limpia hasta eliminar los residuos del producto aplicado. Incluye: Protección de los elementos del entorno que puedan verse afectados durante los trabajos. Ejecución de las operaciones de limpieza. Recogida y eliminación del agua de limpieza. Retirada y acopio de los restos generados. Carga de los restos generados sobre camión o contenedor. Se medirá la superficie realmente ejecutada.
B109: Partida | F109: Precio Unitario | G109: Medición | H109: Importe | J109: =ROUND(F110,2) -> 0
B110: 4.2 | C110: m² | D110: Preparación de superficie de acero estructural mediante medios manuales o mecánicos. | G110: 55.52 | H110: =ROUND(J109*G110,2) -> 0 | I110: =IF(ISBLANK('Modelo de oferta económica'!F110),"Es necesario completar el precio de esta partida, introduciendo un valor en la celda en naranja","") -> Es necesario completar el precio de esta partida, introduciendo un valor en la celda en naranja
B111: Preparación de superficie de acero estructural, para la posterior aplicación de sistema de pinturas, mediante medios manuales o mecánicos, hasta conseguir un acabado P St2 según UNE EN ISO 8501-2, y carga manual de los restos generados sobre camión o contenedor. Incluye: Marcado de la zona a sanear. Cepillado manual con cepillo de púas de acero. Limpieza de la superficie soporte. Retirada y acopio de los restos generados. Carga manual de los restos generados sobre camión o contenedor. Se medirá la superficie realmente ejecutada.
B113: Partida | F113: Precio Unitario | G113: Medición | H113: Importe | J113: =ROUND(F114,2) -> 0
B114: 4.3 | C114: m² | D114: Preparación de superficie de acero estructural mediante proyección en seco de material abrasivo. | G114: 499.68 | H114: =ROUND(J113*G114,2) -> 0 | I114: =IF(ISBLANK('Modelo de oferta económica'!F114),"Es necesario completar el precio de esta partida, introduciendo un valor en la celda en naranja","") -> Es necesario completar el precio de esta partida, introduciendo un valor en la celda en naranja
B115: Limpieza superficial de perfiles metálicos, quitando los restos deteriorados de pintura y otros revestimientos, mediante la proyección en seco de material abrasivo formado por partículas de silicato de aluminio, hasta alcanzar un grado de preparación Sa 2 ½ según UNE-EN ISO 8501-1, eliminando la capa de laminación, casi todo el óxido visible y las partículas extrañas del soporte, hasta quedar un 95% de la superficie limpia y de color blanco con algunas manchas y limpieza posterior con aspirador de polvo, aire comprimido limpio y seco o cepillo limpio, para proceder posteriormente a la aplicación de una protección antioxidante. El precio no incluye la protección antioxidante. Incluye: Montaje y preparación del equipo. Aplicación mecánica del chorro de abrasivo. Desmontaje del equipo. Limpieza de la superficie soporte. Retirada y acopio del material proyectado y los restos generados. Carga del material proyectado y los restos generados sobre camión o contenedor. Se medirá la superficie realmente ejecutada.
B117: Partida | F117: Precio Unitario | G117: Medición | H117: Importe | J117: =ROUND(F118,2) -> 0
B118: 4.4 | C118: m² | D118: Esmalte sobre estructura de acero. C2.05. | G118: 2776 | H118: =ROUND(J117*G118,2) -> 0 | I118: =IF(ISBLANK('Modelo de oferta económica'!F118),"Es necesario completar el precio de esta partida, introduciendo un valor en la celda en naranja","") -> Es necesario completar el precio de esta partida, introduciendo un valor en la celda en naranja
B119: Aplicación manual/pistola de una capa de imprimación a base de resina epoxi y una capa de esmalte de poliuretano sobre estructura metálica de perfiles laminados de acero. Aplicación de una capa de imprimación, con un espesor nominal de película seco 70 μm (rendimiento: 0,15 l/m²). Aplicación de una capa de esmalte de poliuretano, color verde RAL 6002 para las bajantes y azul RAL 5019 para el resto de las estructuras, (rendimiento: 0,13 l/m² cada mano), con un espesor nominal de película seco de 50 μm; formada por piezas simples de perfiles laminados de acero. Incluye medios auxiliares y costes indirecto. Se ejecutará la unidad de obra de acuerdo con las recomendaciones del fabricante, entregando la ficha técnica a la dirección de obra. Se medirá la superficie realmente ejecutada según especificaciones de Proyecto.
B121: CAPÍTULO 5 | D121: MEDIOS AUXILIARES Y ALQUILERES | H121: =+H124+H128+H132+H136+H140+H144+H148+H152+H156 -> 0 | I121: =COUNTIF(I123:I150,"Es necesario completar el precio de esta partida, introduciendo un valor en la celda en naranja") -> 7
B123: Partida | F123: Precio Unitario | G123: Medición | H123: Importe | J123: =ROUND(F124,2) -> 0
B124: 5.1 | C124: Ud. | D124: Alquiler de andamio tubular de fachada. | G124: 3 | H124: =ROUND(J123*G124,2) -> 0 | I124: =IF(ISBLANK('Modelo de oferta económica'!F124),"Es necesario completar el precio de esta partida, introduciendo un valor en la celda en naranja","") -> Es necesario completar el precio de esta partida, introduciendo un valor en la celda en naranja
B125: Alquiler, durante 31 días naturales, de andamio tubular normalizado, tipo multidireccional, hasta 10 m de altura máxima de trabajo, formado por estructura tubular de acero galvanizado en caliente, de 48,3 mm de diámetro y 3,2 mm de espesor, sin duplicidad de elementos verticales, compuesto por plataformas de trabajo de 60 cm de ancho, dispuestas cada 2 m de altura, escalera interior con trampilla, barandilla trasera con dos barras y rodapié, y barandilla delantera con una barra; para la ejecución de fachada de 180 m², considerando como superficie de fachada la resultante del producto de la proyección en planta del perímetro más saliente de la fachada por la altura máxima de trabajo del andamio. Incluso red flexible, tipo mosquitera monofilamento, de polietileno 100% y revisión mensual de andamio a cargo de la empresa instaladora, según R.D. 2177/2004, para garantizar su estabilidad y condiciones de seguridad. Incluye: Revisión periódica para garantizar su estabilidad y condiciones de seguridad. Criterio de medición de proyecto: Número de unidades previstas, según documentación gráfica de Proyecto. Criterio de medición de obra: Amortización en forma de alquiler diario, según condiciones definidas en el contrato suscrito con la empresa suministradora, considerando un mínimo de 250 m² de fachada y 15 días naturales.
B127: Partida | F127: Precio Unitario | G127: Medición | H127: Importe | J127: =ROUND(F128,2) -> 0
B128: 5.2 | C128: Ud. | D128: Transporte y retirada de andamio tubular de fachada. | G128: 1 | H128: =ROUND(J127*G128,2) -> 0 | I128: =IF(ISBLANK('Modelo de oferta económica'!F128),"Es necesario completar el precio de esta partida, introduciendo un valor en la celda en naranja","") -> Es necesario completar el precio de esta partida, introduciendo un valor en la celda en naranja
B129: Transporte y retirada de andamio tubular normalizado, tipo multidireccional, hasta 10 m de altura máxima de trabajo, formado por estructura tubular de acero galvanizado en caliente, sin duplicidad de elementos verticales y plataformas de trabajo de 60 cm de ancho; para ejecución de fachada de 180 m². Incluye: Nada. Criterio de medición de proyecto: Número de unidades previstas, según documentación gráfica de Proyecto. Criterio de medición de obra: Se medirá el número de unidades realmente ejecutadas según especificaciones de Proyecto.
B131: Partida | F131: Precio Unitario | G131: Medición | H131: Importe | J131: =ROUND(F132,2) -> 0
B132: 5.3 | C132: Ud. | D132: Montaje y desmontaje de andamio tubular de fachada. | G132: 15 | H132: =ROUND(J131*G132,2) -> 0 | I132: =IF(ISBLANK('Modelo de oferta económica'!F132),"Es necesario completar el precio de esta partida, introduciendo un valor en la celda en naranja","") -> Es necesario completar el precio de esta partida, introduciendo un valor en la celda en naranja
B133: Montaje y desmontaje de andamio tubular normalizado, tipo multidireccional, hasta 10 m de altura máxima de trabajo, formado por estructura tubular de acero galvanizado en caliente, sin duplicidad de elementos verticales y plataformas de trabajo de 60 cm de ancho; para ejecución de fachada de 180 m², según planos de montaje, considerando una distancia máxima de 20 m entre el punto de descarga de los materiales y el punto más alejado del montaje. Incluso montaje y desmontaje de red flexible, tipo mosquitera monofilamento, de polietileno 100%, accesorios, sistemas de protección, anclajes y reposiciones. Incluye: Replanteo de los apoyos. Limpieza y preparación de la superficie de apoyo y protección de los espacios afectados. Montaje y colocación de los componentes. Colocación de la plataforma de trabajo. Colocación de los elementos de protección, acceso y señalización. Prueba de carga. Desmontaje y retirada del andamio. Criterio de medición de proyecto: Número de unidades previstas, según Estudio o Estudio Básico de Seguridad y Salud.
B135: Partida | F135: Precio Unitario | G135: Medición | H135: Importe | J135: =ROUND(F136,2) -> 0
B136: 5.4 | C136: Ud. | D136: Alquiler de plataforma motorizada. | G136: 1 | H136: =ROUND(J135*G136,2) -> 0 | I136: =IF(ISBLANK('Modelo de oferta económica'!F136),"Es necesario completar el precio de esta partida, introduciendo un valor en la celda en naranja","") -> Es necesario completar el precio de esta partida, introduciendo un valor en la celda en naranja
B137: Alquiler, durante 30 días naturales, de plataforma motorizada monomástil, de 10 m de longitud y 150 m de altura máxima, con capacidad de carga de 1500 kg, constituida por estructura con perfiles de sección cuadrada, de acero galvanizado en caliente, formando un mástil por tramos de 1,5 m, con rodillos de guiado metálicos, de superficie de contacto plana, y motor de doble accionamiento de 4,4 kW; plataforma metálica, de acero galvanizado antideslizante y autodrenante, independiente de la estructura de soporte, con sistema de nivelación automática, y prolongaciones telescópicas que permiten ampliar el ancho de la plataforma de trabajo de 1,4 a 3,2 m, para ejecución de fachada. Incluso revisión mensual de plataforma a cargo de la empresa instaladora, para garantizar su estabilidad y condiciones de seguridad. Incluye: Revisión periódica para garantizar su estabilidad y condiciones de seguridad. Criterio de medición de proyecto: Número de unidades previstas, según documentación gráfica de Proyecto. Criterio de medición de obra: Amortización en forma de alquiler diario, según condiciones definidas en el contrato suscrito con la empresa suministradora.
B139: Partida | F139: Precio Unitario | G139: Medición | H139: Importe | J139: =ROUND(F140,2) -> 0
B140: 5.5 | C140: Ud. | D140: Transporte y retirada de plataforma motorizada. | G140: 1 | H140: =ROUND(J139*G140,2) -> 0 | I140: =IF(ISBLANK('Modelo de oferta económica'!F140),"Es necesario completar el precio de esta partida, introduciendo un valor en la celda en naranja","") -> Es necesario completar el precio de esta partida, introduciendo un valor en la celda en naranja
B141: Transporte y retirada de plataforma motorizada monomástil, de 10 m de longitud y 150 m de altura máxima, con capacidad de carga de 1500 kg, constituida por estructura de acero galvanizado en caliente, formando un mástil por tramos de 1,5 m, motor de doble accionamiento de 4,4 kW y plataforma metálica, independiente de la estructura de soporte; para ejecución de fachada. Incluye: Nada. Criterio de medición de proyecto: Número de unidades previstas, según documentación gráfica de Proyecto. Criterio de medición de obra: Se medirá el número de unidades realmente ejecutadas según especificaciones de Proyecto.
B143: Partida | F143: Precio Unitario | G143: Medición | H143: Importe | J143: =ROUND(F144,2) -> 0
B144: 5.6 | C144: Ud. | D144: Montaje y desmontaje de plataforma motorizada. | G144: 4 | H144: =ROUND(J143*G144,2) -> 0 | I144: =IF(ISBLANK('Modelo de oferta económica'!F144),"Es necesario completar el precio de esta partida, introduciendo un valor en la celda en naranja","") -> Es necesario completar el precio de esta partida, introduciendo un valor en la celda en naranja
B145: Montaje y desmontaje de plataforma motorizada, constituida por estructura de acero galvanizado en caliente, formando un mástil por tramos de 1,5 m, motor de doble accionamiento de 4,4 kW y plataforma metálica independiente de la estructura de soporte, para ejecución de fachada según planos de montaje. Incluso accesorios, sistemas de protección, anclajes y reposiciones. Incluye: Replanteo de los apoyos. Limpieza y preparación de la superficie de apoyo y protección de los espacios afectados. Montaje y colocación de los componentes. Colocación de la plataforma de trabajo. Colocación de los elementos de protección, acceso y señalización. Prueba de carga. Desmontaje y retirada del andamio. Criterio de medición de proyecto: Número de unidades previstas, según Estudio o Estudio Básico de Seguridad y Salud.
B147: Partida | F147: Precio Unitario | G147: Medición | H147: Importe | J147: =ROUND(F148,2) -> 0
B148: 5.7 | C148: Ud. | D148: Alquiler de torre de trabajo móvil. | G148: 2 | H148: =ROUND(J147*G148,2) -> 0 | I148: =IF(ISBLANK('Modelo de oferta económica'!F148),"Es necesario completar el precio de esta partida, introduciendo un valor en la celda en naranja","") -> Es necesario completar el precio de esta partida, introduciendo un valor en la celda en naranja
B149: Alquiler, durante 30 días naturales, de torre de trabajo móvil, con plataforma de trabajo de 3x1 m², situada a una altura de 3 m, formada por estructura tubular de acero galvanizado en caliente de 48,3 mm y 3,2 mm de espesor, preparada para soportar una carga de 2,0 kN/m² uniformemente distribuida sobre la plataforma y una carga puntual de 1,5 kN, clase 3 según UNE-EN 1004. Incluye: Revisión periódica para garantizar su estabilidad y condiciones de seguridad. Criterio de medición de proyecto: Número de unidades previstas, según documentación gráfica de Proyecto. Criterio de medición de obra: Amortización en forma de alquiler diario, según condiciones definidas en el contrato suscrito con la empresa suministradora.
B151: Partida | F151: Precio Unitario | G151: Medición | H151: Importe | J151: =ROUND(F152,2) -> 0
B152: 5.8 | C152: Ud. | D152: Transporte y retirada de torre de trabajo móvil. | G152: 1 | H152: =ROUND(J151*G152,2) -> 0 | I152: =IF(ISBLANK('Modelo de oferta económica'!F152),"Es necesario completar el precio de esta partida, introduciendo un valor en la celda en naranja","") -> Es necesario completar el precio de esta partida, introduciendo un valor en la celda en naranja
B153: Transporte y retirada de torre de trabajo móvil, con plataforma de trabajo de 3x1 m², situada a una altura de 3 m, formada por estructura tubular de acero galvanizado en caliente, preparada para soportar una carga de 2,0 kN/m² uniformemente distribuida sobre la plataforma y una carga puntual de 1,5 kN. Incluye: Nada. Criterio de medición de proyecto: Número de unidades previstas, según documentación gráfica de Proyecto. Criterio de medición de obra: Se medirá el número de unidades realmente ejecutadas según especificaciones de Proyecto.
B155: Partida | F155: Precio Unitario | G155: Medición | H155: Importe | J155: =ROUND(F156,2) -> 0
B156: 5.9 | C156: Ud. | D156: Montaje y desmontaje de torre de trabajo móvil. | G156: 2 | H156: =ROUND(J155*G156,2) -> 0 | I156: =IF(ISBLANK('Modelo de oferta económica'!F156),"Es necesario completar el precio de esta partida, introduciendo un valor en la celda en naranja","") -> Es necesario completar el precio de esta partida, introduciendo un valor en la celda en naranja
B157: Montaje y desmontaje de torre de trabajo móvil, con plataforma de trabajo de 3x1 m², situada a una altura de 3 m, formada por estructura tubular de acero galvanizado en caliente, preparada para soportar una carga de 2,0 kN/m² uniformemente distribuida sobre la plataforma y una carga puntual de 1,5 kN, clase 3 según UNE-EN 1004, según planos de montaje. Incluso accesorios, sistemas de protección, anclajes y reposiciones. Incluye: Replanteo de los apoyos. Limpieza y preparación de la superficie de apoyo y protección de los espacios afectados. Montaje y colocación de los componentes. Colocación de la plataforma de trabajo. Colocación de los elementos de protección, acceso y señalización. Prueba de carga. Desmontaje y retirada del andamio. Criterio de medición de proyecto: Número de unidades previstas, según Estudio o Estudio Básico de Seguridad y Salud.
B159: CAPÍTULO 6 | D159: SUSTITUCIÓN DE LAS PLACAS TRANSLÚCIDAS | H159: =+H162+H166 -> 0
I160: =COUNTIF(I162:I164,"Es necesario completar el precio de esta partida, introduciendo un valor en la celda en naranja") -> 1
B161: Partida | F161: Precio Unitario | G161: Medición | H161: Importe | J161: =ROUND(F162,2) -> 0
B162: 6.1 | C162: m² | D162: Desmontaje de lucernario de placas traslúcidas. | G162: 149.6 | H162: =ROUND(J161*G162,2) -> 0 | I162: =IF(ISBLANK('Modelo de oferta económica'!F162),"Es necesario completar el precio de esta partida, introduciendo un valor en la celda en naranja","") -> Es necesario completar el precio de esta partida, introduciendo un valor en la celda en naranja
B163: Desmontaje de placas traslúcidas de lucernario a un agua de 3 a 8 m de luz máxima, con medios manuales, sin afectar a la estabilidad de los elementos constructivos contiguos, y carga manual sobre camión o contenedor. Incluye: Desmontaje del elemento. Retirada y acopio del material desmontado. Limpieza de los restos de obra. Carga manual del material desmontado y restos de obra sobre camión o contenedor. Criterio de medición de proyecto: Superficie medida según documentación gráfica de Proyecto. Criterio de medición de obra: Se medirá la superficie realmente desmontada según especificaciones de Proyecto.
B165: Partida | F165: Precio Unitario | G165: Medición | H165: Importe | J165: =ROUND(F166,2) -> 0
...
